 Dungeon Crawl Stone Soup version 0.30-a0-347-gf58ed5266c (webtiles) character file.

Game seed: 15341422003583398466

119 greasedhog the Trooper (level 5, -3/57 HPs)
             Began as an Ogre Fighter on Nov 7, 2022.
             Slain by an iguana (7 damage)
             ... on level 4 of the Dungeon.
             The game lasted 00:02:54 (2734 turns).

greasedhog the Trooper (Ogre Fighter)               Turns: 2734, Time: 00:02:55

Health: -3/57      AC:  6    Str: 22    XL:     5   Next: 3%
Magic:  5/5        EV:  8    Int:  9    God:
Gold:   129        SH:  7    Dex:  8    Spells: 4/4 levels left

rFire   . . .      SeeInvis .    a - +0 flail
rCold   . . .      Faith    .    c - +0 kite shield
rNeg    . . .      Spirit   .    b - +0 robe
rPois   .          Reflect  .    (helmet restricted)
rElec   .          Harm     .    v - +2 cloak
rCorr   .          Rampage  .    (gloves unavailable)
Will    .....                    (boots unavailable)
Stlth   +.........               (no amulet)
HPRegen 0.29/turn                (no ring)
MPRegen 0.09/turn                (no ring)

@: mighty
A: large, unfitting armour, tough skin 1
a: no special abilities


You were on level 4 of the Dungeon.
You visited 1 branch of the dungeon, and saw 4 of its levels.

You collected 129 gold pieces.

Inventory:

Hand Weapons
 a - a +0 flail (weapon)
Armour
 b - a +0 robe (worn)
 c - a +0 kite shield (worn)
 v - a +2 cloak (worn)
Wands
 o - a wand of light (7)
 q - a wand of digging (6)
Scrolls
 e - a scroll of teleportation
 h - a scroll of magic mapping
 j - a scroll of amnesia
 k - a scroll of fear
 l - 6 scrolls of noise {unknown}
 n - a scroll of poison {unknown}
 r - a scroll of butterflies {unknown}
 s - a scroll of torment {unknown}
 t - a scroll of immolation {unknown}
 u - a scroll of identify
Potions
 d - a potion of might
 f - a potion of degeneration {unknown}
 g - a potion of resistance {unknown}
 i - a potion of curing {unknown}
 m - a potion of haste {unknown}
 p - a potion of flight {unknown}


   Skills:
 * Level 5.2 Fighting
 * Level 2.9 Maces & Flails
 + Level 3.2 Dodging
 - Level 3.5 Shields


You had 4 spell levels left.
You didn't know any spells.
Your spell library contained the following spells:

 Spells                   Type           Power      Damage    Failure   Level
 Vhi's Electric Charge    Tloc/Air       0%         N/A       96%         3
 Arcjolt                  Conj/Air       0%         1d10      100%        5
 Maxwell's Capacitive Co  Air            0%         ∞         100%        8


Dungeon Overview and Level Annotations

Branches:
Dungeon (4/15)
 Temple: D:4-7

Altars:
Ashenzari
Qazlal


Innate Abilities, Weirdness & Mutations

You are too large for most types of armour.
You have tough skin. (AC +1)


Message History

The ice beast hits you but does no damage.
The ice beast misses you. The iguana bites you.
You hit the ice beast.
The ice beast is heavily wounded.
The iguana bites you. The ice beast barely misses you.
The goblin unwields a +0 sling.
The goblin wields a +0 dagger.
You block the goblin's attack.
You feel very mighty all of a sudden.
The iguana bites you but does no damage.
You block the ice beast's attack. The goblin hits you with a +0 dagger.
You closely miss the ice beast.
The ice beast is heavily wounded.
The iguana closely misses you. The ice beast hits you.
The ice beast freezes you! The goblin hits you but does no damage.
You closely miss the ice beast.
The ice beast is heavily wounded.
The iguana bites you.
The ice beast hits you but does no damage.
You block the goblin's attack.
The iguana hisses menacingly.
The iguana bites you!
* * * LOW HITPOINT WARNING * * *
The ice beast hits you.
* * * LOW HITPOINT WARNING * * *
The ice beast freezes you!
* * * LOW HITPOINT WARNING * * *
You closely miss the ice beast.
The ice beast is heavily wounded.
You block the goblin's attack. The iguana closely misses you.
You block the ice beast's attack. You block the goblin's attack.
Unknown command.
You sock the ice beast!
The ice beast is severely wounded.
The iguana bites you but does no damage.
The ice beast barely misses you. You block the goblin's attack.
You thump the ice beast!
You kill the ice beast!
You block the iguana's attack. The goblin hits you but does no damage.
The iguana bites you!
You die...

....##..........#
##.....##..#..#.#
####.#...##Y...##
#.......##.##..######
###......#...........
######.#..#........
##...............
##l...............
#@...#.......##.##
##g..#........##..
##..#........# #.
#..###.......# .
#....#.....###
#...###....# #####
######


You could see an iguana and a goblin.

Vanquished Creatures
  An ice beast (D:4)
  2 adders
  5 worms
  2 dart slugs
  6 orcs
  8 ball pythons
  13 bats
  6 endoplasms
  2 giant cockroaches
  2 goblins (D:3)
  6 hobgoblins
  4 jackals (D:2)
  5 kobolds
  A quokka (D:3)
  6 frilled lizards
  7 rats
76 creatures vanquished.

Notes
Turn   | Place    | Note
-------+----------+-------------------------------------------
     0 | D:1      | greasedhog the Ogre Fighter began the quest for the Orb.
     0 | D:1      | Reached XP level 1. HP: 24/24 MP: 1/1
   224 | D:1      | Reached XP level 2. HP: 26/32 MP: 2/2
   847 | D:2      | Reached XP level 3. HP: 28/40 MP: 3/3
  1687 | D:3      | Reached XP level 4. HP: 33/49 MP: 4/4
  1901 | D:3      | Found a broken altar of Ashenzari.
  2021 | D:3      | Reached skill level 5 in Fighting
  2055 | D:3      | Found a stormy altar of Qazlal.
  2661 | D:4      | Reached XP level 5. HP: 56/57 MP: 5/5
  2690 | D:4      | Noticed an ice beast
  2734 | D:4      | Killed an ice beast
  2734 | D:4      | Slain by an iguana

Illustrated notes

Levels and vault maps discovered:
D:1:      dpeg_arrival_erosion, layout_loops_ring
D:2:      layout_loops_ring
D:3:      layout_basic, nicolae_qazlal_scattered_showers,
          cheibrodos_ashenzari_chains, minmay_vboxes
D:4:      layout_cave_pools, jmf_multi_god_temple2, skrybe_limestone_x,
          roderic_batcave, uniq_edmund, uniq_ijyb

Skill      XL: |  1  2  3  4 |
---------------+-------------+-----
Maces & Flails | 2 |  2.9
Dodging        | 3 |  3.2
Fighting       | 5 |  5.2
Shields        | |  3.5

Action                   |  1- 3 |  4- 6 || total
-------------------------+-------+-------++-------
Melee: Flail             |   114 |   102 ||   216
Evoke: Wand              |       |     1 ||     1
  Use: Scroll            |       |     4 ||     4
       Potion            |       |     1 ||     1
Armor: Robe              |    36 |    61 ||    97
Dodge: Dodged            |    39 |    53 ||    92
Block: Kite shield       |    45 |    65 ||   110

Table legend: (Time is in decaauts)
 A = Elapsed time spent in this place.
 B = Non-inter-level travel time spent in this place.
 C = Inter-level travel time spent in this place.
 D = Time resting spent in this place.
 E = Time spent auto-exploring this place.
 F = Levels seen in this place.
 G = Mean time per level.
                   A        B        C        D        E       F      G
               +--------+--------+--------+--------+--------+-----+--------+
         Total |   2821 |   2767 |     54 |      0 |   2215 |   4 |  705.2 |
       Dungeon |   2821 |   2767 |     54 |      0 |   2215 |   4 |  705.2 |
               +--------+--------+--------+--------+--------+-----+--------+

Top non-repeatable levels by time:
     D:3: 891 daAuts
     D:2: 861 daAuts
     D:1: 808 daAuts
     D:4: 258 daAuts
